Map: Cerulean Fall LE

Players

Sbam

  • Race: Terran Terran
  • League: Gold
  • Spawn Location: 1:00

Swatopluke - Winner!

  • Race: Protoss Protoss
  • League: Platinum
  • Spawn Location: 7:00

VOD

Have the link to the VOD?

Description

Time

  • Played on: Nov. 13, 2018, 4:27 p.m.
  • Length: 7:22
Show
View Real Time Build Order
Export as new Build Order

Sbam Terran 

Build Orders: Reaper Expand 

Get SALT Encoding   

  12  0:01  SCV  
  13  0:13  SCV  
  14  0:17  Supply Depot  
  14  0:25  SCV  
  15  0:39  SCV  
  15  0:40  Barracks  
  16  0:49  Refinery  
  16  0:51  SCV  
  17  1:03  SCV  
  18  1:15  SCV  
  19  1:35  Orbital Command  
  19  1:37  Reaper  
  20  1:45  Command Center  
  20  2:04  SCV  
  20  2:07  Barracks  
  21  2:09  Supply Depot  
  21  2:11  Barracks Reactor  
  21  2:20  SCV  
  22  2:23  Bunker  
  22  2:32  SCV  
  22  2:36  Barracks  
  23  2:44  SCV  
  23  2:47  Marine x2  
  26  2:56  SCV  
  26  2:59  Orbital Command  
  26  3:05  Barracks Tech Lab  
  26  3:06  Engineering Bay  
  26  3:10  Marine x2  
  28  3:18  SCV  
  29  3:22  Supply Depot  
  29  3:24  Barracks Tech Lab  
  29  3:30  Marine  
  29  3:32  Supply Depot  
  30  3:42  Missile Turret  
  30  3:49  Marine x3  
  30  3:50  Marine  
  30  3:54  Orbital Command  
  32  4:07  Marine  
  32  4:23  Stimpack  
  29  4:33  Marine x3  
  27  4:46  Marine  
  27  4:50  Marine  
  27  4:52  SCV x2  
  30  4:56  Concussive Shells  
  30  5:14  Marine x2, Marauder x2  
  30  5:20  Supply Depot  
  36  5:23  SCV x2  
  38  5:36  SCV x2  
  38  5:37  Factory  
  40  5:48  SCV  
  38  6:04  Marine x2  
  38  6:05  Marauder  
  42  6:16  Supply Depot  
  42  6:17  Missile Turret  
  42  6:18  SCV  
  42  6:19  SCV  
  44  6:28  Marine x2, Marauder x2  
  49  6:38  SCV  
  49  6:39  SCV  
  50  6:54  Factory Reactor  
Show
View Real Time Build Order
Export as new Build Order

Swatopluke Protoss - Winner!

Build Orders: Mass Adepts 

Get SALT Encoding   

  12  0:00  Probe  
  13  0:13  Probe  
  14  0:18  Pylon  
  14  0:25  Probe  
  15  0:36  Probe, Gateway  
  16  0:45  Probe, Assimilator  
  17  0:53  Probe  
  18  1:03  Gateway  
  18  1:04  Probe  
  20  1:19  Pylon  
  20  1:25  Probe  
  20  1:27  Cybernetics Core  
  20  1:37  Probe  
  21  1:42  Assimilator  
  21  1:46  Warp Gate  
  21  1:47  Pylon  
  21  1:49  Probe  
  22  1:56  Adept  
  22  2:02  Probe  
  22  2:04  Adept  
  27  2:21  Adept, Probe  
  29  2:33  Adept  
  31  2:40  Gateway  
  31  2:57  Nexus  
  31  3:06  Assimilator  
  31  3:23  Stargate  
  29  3:37  Probe  
  30  3:49  Probe  
  31  4:04  Oracle  
  31  4:12  Adept  
  31  4:13  Adept x2  
  31  4:16  Probe x2  
  42  4:24  Pylon  
  42  4:28  Probe  
  42  4:29  Probe  
  40  4:50  Probe x2  
  40  4:51  Adept x3  
  48  4:54  Phoenix  
  48  4:58  Robotics Facility  
  50  5:02  Probe x2  
  50  5:19  Probe x2  
  50  5:20  Adept  
  54  5:27  Pylon  
  54  5:28  Pylon  
  54  6:00  Adept x3  
  60  6:06  Immortal  
  68  6:22  Phoenix  
  66  6:44  Probe x2  
  68  6:49  Adept  
  70  6:58  Probe  
Tags
 
Composition
Mass Adepts
Matchup
PvT
Replay Pack
Swatopluke
Spawn Locations
Cross Positions
Add a new tag
Caveats
  • Supply blocks, unpowered buildings, or Contaminate may cause inaccurate times.
  • Supply counts are checked every 10 seconds.